Map: Arctic Dream LE

Players

Battle

  • Race: Zerg Zerg
  • League: Master
  • Spawn Location: 6:00

IIIIIIIIIIII

  • Race: Protoss Protoss
  • Spawn Location: 5:00

Shiro - Winner!

  • Race: Terran Terran
  • Spawn Location: 12:00

OtakuTerran - Winner!

  • Race: Terran Terran
  • League: Master
  • Spawn Location: 11:00

VOD

Have the link to the VOD?

Description

Time

  • Played on: May 1, 2020, 8:29 a.m.
  • Length: 9:25
Show
View Real Time Build Order
Export as new Build Order

Battle Zerg 

Build Orders: Hatch First 

Get SALT Encoding   

  12  0:01  Drone  
  13  0:08  Drone  
  14  0:18  Overlord  
  14  0:39  Drone x3  
  17  0:52  Drone  
  18  1:03  Hatchery, Drone  
  18  1:05  Extractor  
  17  1:14  Drone  
  17  1:17  Spawning Pool  
  17  1:24  Drone  
  18  1:37  Drone  
  19  1:48  Overlord  
  19  2:06  Drone, Queen  
  19  2:08  Metabolic Boost, Zergling x2  
  22  2:14  Queen  
  25  2:26  Hatchery  
  24  2:30  Zergling x2  
  24  2:31  Zergling x2  
  26  2:38  Spine Crawler  
  26  2:40  Zergling x2  
  26  2:44  Spine Crawler  
  25  2:55  Baneling Nest, Drone  
  25  2:57  Overlord  
  26  3:05  Queen  
  28  3:15  Pneumatized Carapace  
  28  3:19  Drone x3  
  31  3:26  Drone  
  32  3:30  Spore Crawler  
  30  3:39  Drone  
  30  3:40  Drone x3  
  34  3:54  Zergling x12  
  39  4:09  Spine Crawler x2  
  37  4:16  Queen  
  41  4:33  Drone x2  
  43  4:41  Overlord  
  43  4:43  Overlord  
  43  4:45  Lair  
  41  4:46  Queen  
  41  4:52  Overlord  
  43  4:54  Overlord  
  43  5:00  Queen  
  43  5:05  Drone x2  
  47  5:22  Zergling x16  
  55  5:41  Overlord  
  55  5:42  Zergling x14  
  62  5:51  Overlord x2  
  62  5:54  Centrifical Hooks  
  62  6:03  Drone  
  63  6:04  Drone  
  63  6:05  Drone  
  63  6:06  Drone x2  
  67  6:26  Overseer  
  67  6:27  Overseer  
  67  6:30  Drone x2  
  69  6:35  Drone x4  
  69  6:36  Drone, Queen  
  76  6:52  Drone x11  
  87  6:55  Extractor  
  87  6:56  Extractor  
  85  7:06  Hydralisk Den  
  84  7:09  Evolution Chamber x2  
  84  7:10  Drone  
  84  7:11  Drone x6  
  84  7:14  Drone x4  
  93  7:30  Overlord x4  
  93  7:32  Baneling x9  
  93  7:33  Zergling x4  
  93  7:35  Zergling x2  
  96  7:50  Baneling  
  96  7:51  Baneling x8, Zergling x4  
  96  7:52  Zergling x12  
  104  7:59  Zergling x2  
  104  8:00  Zergling x2  
  104  8:01  Queen  
  108  8:09  Zergling x6  
  69  8:21  Zergling x12  
  70  8:33  Zergling x6  
  66  8:42  Baneling x5  
  66  8:43  Baneling x5  
  66  8:44  Zergling x8  
  70  8:53  Hatchery  
  71  9:00  Zergling x2  
  68  9:07  Baneling x2  
Show
View Real Time Build Order
Export as new Build Order

IIIIIIIIIIII Protoss 

Build Orders: 1 Gate Expand, Oracle Opening 

Get SALT Encoding   

  12  0:01  Probe  
  13  0:13  Probe  
  14  0:17  Pylon  
  14  0:25  Probe  
  15  0:37  Probe (Chrono Boost)  
  15  0:41  Gateway  
  16  0:46  Probe (Chrono Boost), Assimilator  
  17  0:51  Probe (Chrono Boost)  
  18  1:03  Probe  
  19  1:15  Probe  
  20  1:28  Nexus  
  20  1:38  Cybernetics Core  
  20  1:46  Assimilator  
  20  1:48  Probe  
  20  1:49  Pylon  
  21  2:05  Probe  
  21  2:14  Stalker (Chrono Boost)  
  23  2:17  Shield Battery  
  23  2:22  Probe  
  24  2:24  Warp Gate  
  24  2:34  Probe  
  24  2:37  Stalker (Chrono Boost)  
  25  2:43  Probe  
  28  2:46  Probe  
  29  2:55  Probe  
  30  2:59  Probe  
  30  3:00  Stargate  
  30  3:01  Stalker (Chrono Boost)  
  33  3:07  Probe  
  33  3:09  Assimilator  
  33  3:11  Probe  
  36  3:20  Probe  
  36  3:23  Probe  
  37  3:29  Pylon  
  37  3:32  Probe  
  38  3:38  Probe  
  39  3:43  Oracle (Chrono Boost)  
  39  3:44  Probe  
  39  3:48  Pylon  
  43  3:54  Robotics Facility  
  43  3:55  Pylon  
  43  4:00  Probe x2  
  45  4:05  Assimilator  
  45  4:08  Pylon  
  45  4:13  Stalker  
  45  4:15  Phoenix  
  45  4:17  Probe x2  
  50  4:23  Gateway  
  51  4:31  Gateway  
  51  4:35  Probe x2  
  53  4:47  Probe x2  
  55  4:54  Phoenix  
  55  4:58  Immortal (Chrono Boost)  
  55  4:59  Probe x2  
  63  5:09  Gateway  
  63  5:15  Forge  
  63  5:19  Phoenix  
  65  5:27  Sentry x3  
  71  5:29  Robotics Bay  
  71  5:30  Observer (Chrono Boost)  
  72  5:36  Protoss Ground Weapons Level 1 (Chrono Boost)  
  72  5:37  Probe x2  
  74  5:44  Phoenix  
  74  5:46  Pylon  
  76  5:50  Pylon  
  76  6:09  Phoenix, Probe  
  76  6:10  Probe  
  76  6:11  Nexus  
  80  6:13  Pylon  
  80  6:23  Colossus (Chrono Boost)  
  86  6:34  Phoenix  
  86  6:39  Probe x2  
  90  6:42  Extended Thermal Lance  
  90  6:45  Gateway, Twilight Council  
  90  6:48  Gateway  
  90  6:56  Probe x2  
  92  7:08  Probe x2  
  94  7:11  Colossus (Chrono Boost)  
  100  7:20  Probe x2  
  102  7:24  Gateway x2  
  102  7:31  Zealot x3  
  102  7:32  Zealot  
  110  7:47  Stalker x2  
  110  7:51  Probe x3, Charge (Chrono Boost)  
  117  8:05  Pylon  
  117  8:07  Pylon x2  
  117  8:19  Immortal (Chrono Boost)  
  84  8:30  Stalker x3  
  84  8:31  Stalker x4  
  70  8:46  Stalker  
  70  8:54  Zealot x4  
  84  9:01  Zealot x2  
  88  9:07  Zealot  
  90  9:13  Stalker  
Show
View Real Time Build Order
Export as new Build Order

Shiro Terran - Winner!

Build Orders: 2 Factory, Hellion Opening, Reaper Expand, Mech 

Get SALT Encoding   

  12  0:01  SCV  
  13  0:13  SCV  
  14  0:17  Supply Depot  
  14  0:25  SCV  
  15  0:39  SCV  
  15  0:40  Barracks  
  16  0:44  Refinery  
  16  0:51  SCV  
  17  1:03  SCV  
  18  1:15  SCV  
  19  1:28  Reaper  
  19  1:29  Orbital Command  
  20  1:40  Command Center  
  20  1:49  Supply Depot  
  20  1:55  SCV  
  21  2:01  Refinery  
  21  2:07  SCV  
  22  2:13  Factory  
  22  2:19  SCV  
  22  2:21  Barracks Reactor  
  23  2:31  SCV  
  24  2:43  SCV  
  25  2:53  Orbital Command  
  25  2:55  Refinery, SCV  
  25  2:57  Factory  
  26  3:06  Hellion x2  
  26  3:07  SCV, Barracks Tech Lab  
  31  3:19  SCV  
  33  3:20  SCV  
  33  3:22  Supply Depot  
  33  3:29  Hellion  
  33  3:30  Hellion  
  33  3:31  SCV  
  37  3:34  SCV  
  38  3:43  SCV  
  38  3:47  SCV  
  40  3:48  Factory  
  40  3:53  Hellion x2  
  44  3:55  SCV  
  44  3:58  Infernal Pre-Igniter  
  44  3:59  SCV, Barracks Tech Lab  
  46  4:09  Cyclone  
  49  4:13  SCV  
  49  4:14  SCV  
  49  4:15  Supply Depot  
  51  4:18  Supply Depot  
  51  4:25  SCV, Widow Mine  
  54  4:31  SCV, Widow Mine  
  54  4:38  SCV  
  58  4:42  Cyclone  
  58  4:43  SCV  
  60  4:50  SCV  
  61  4:55  SCV  
  62  5:01  Engineering Bay  
  62  5:02  SCV  
  62  5:03  Armory  
  63  5:07  SCV  
  64  5:14  SCV  
  64  5:20  SCV  
  66  5:23  Cyclone x2  
  66  5:24  Hellion x2  
  66  5:26  SCV  
  77  5:30  Refinery  
  77  5:32  SCV  
  78  5:48  Command Center  
  78  5:51  Supply Depot  
  78  5:54  Supply Depot  
  78  5:58  Terran Vehicle Weapons Level 1  
  78  5:59  Missile Turret  
  78  6:09  Missile Turret  
  78  6:13  SCV x2, Widow Mine x2  
  78  6:15  Supply Depot  
  78  6:16  Siege Tank x2  
  78  6:17  Supply Depot  
  90  6:21  Missile Turret  
  90  6:25  SCV x2  
  92  6:37  SCV, Widow Mine x2  
  92  6:38  SCV  
  98  6:49  SCV  
  98  6:50  SCV, Siege Tank  
  98  6:51  Siege Tank  
  106  7:01  SCV, Widow Mine x2  
  110  7:08  SCV  
  110  7:17  SCV  
  110  7:19  Supply Depot  
  110  7:20  Supply Depot  
  110  7:22  Widow Mine x2, Cyclone  
  115  7:23  Cyclone  
  121  7:31  Orbital Command  
  121  7:39  Missile Turret  
  121  7:41  Missile Turret  
  121  7:45  Widow Mine x2  
  125  7:55  Cyclone x2  
  131  8:06  Widow Mine x2  
  135  8:16  Factory  
  135  8:18  Refinery, Factory x2  
  135  8:19  SCV, Refinery  
  131  8:21  Factory  
  121  8:27  Cyclone x2  
  121  8:28  Widow Mine x2  
  128  8:47  SCV  
  129  8:49  SCV, Widow Mine x2  
  129  8:54  SCV  
  135  8:58  Command Center  
  135  8:59  Widow Mine  
  140  9:08  SCV  
  131  9:13  Factory Tech Lab x2  
  131  9:14  Factory Tech Lab  
  128  9:23  Factory Reactor  
Show
View Real Time Build Order
Export as new Build Order

OtakuTerran Terran - Winner!

Build Orders: Reaper Expand 

Get SALT Encoding   

  12  0:00  SCV  
  13  0:12  SCV  
  14  0:17  Supply Depot  
  14  0:24  SCV  
  15  0:38  SCV  
  15  0:40  Barracks  
  16  0:42  Refinery  
  16  0:50  SCV  
  17  1:02  SCV  
  18  1:15  SCV  
  19  1:27  Orbital Command, Reaper  
  20  1:39  Command Center  
  20  1:48  Supply Depot  
  20  1:53  SCV  
  21  1:59  Marine  
  22  2:05  SCV  
  23  2:11  Refinery  
  23  2:13  Factory  
  23  2:17  SCV  
  24  2:24  Barracks Reactor  
  24  2:29  SCV  
  25  2:41  SCV  
  26  2:53  SCV  
  26  2:55  Orbital Command  
  27  3:01  Factory Tech Lab  
  27  3:02  Starport, Marine x2  
  29  3:05  SCV  
  30  3:17  SCV  
  30  3:19  Marine  
  31  3:20  Marine  
  31  3:22  SCV  
  31  3:23  Cyclone  
  31  3:26  Supply Depot  
  37  3:30  SCV  
  38  3:34  SCV  
  38  3:37  Marine x2  
  38  3:39  Starport Tech Lab  
  38  3:41  Supply Depot  
  40  3:42  SCV  
  40  3:46  SCV  
  42  3:54  SCV  
  42  3:55  Marine x2  
  44  3:58  SCV, Raven  
  44  4:01  Refinery  
  48  4:03  Engineering Bay  
  48  4:06  SCV  
  49  4:10  SCV  
  49  4:13  Marine x2  
  52  4:18  SCV  
  52  4:21  Barracks  
  52  4:22  Barracks  
  54  4:24  SCV, Factory Tech Lab  
  54  4:30  Supply Depot  
  54  4:31  SCV  
  55  4:33  Terran Infantry Weapons Level 1, Marine x2  
  55  4:37  SCV  
  58  4:40  Missile Turret  
  58  4:43  SCV  
  58  4:44  Siege Tank  
  62  4:52  SCV  
  63  4:55  SCV  
  63  4:56  Supply Depot  
  63  4:57  Supply Depot, Marine  
  63  4:58  Marine  
  63  4:59  Starport Reactor  
  66  5:04  SCV  
  66  5:05  Refinery  
  67  5:09  Stimpack  
  67  5:10  Marauder  
  67  5:14  Supply Depot, Combat Shield  
  69  5:16  Marine  
  69  5:18  Marauder  
  72  5:25  Marine  
  73  5:30  Supply Depot  
  73  5:31  Siege Tank, Marine  
  73  5:34  SCV  
  73  5:35  SCV  
  79  5:39  Marauder  
  81  5:44  Missile Turret, Marine x2  
  81  5:45  Medivac  
  81  5:47  SCV  
  81  5:49  Marauder  
  88  5:51  SCV  
  88  5:55  Supply Depot x2  
  89  6:00  Marauder  
  89  6:03  Siege Tank  
  94  6:06  Marine x2  
  94  6:08  Medivac  
  94  6:11  Marauder  
  100  6:15  Supply Depot  
  100  6:21  Medivac  
  100  6:22  Marauder  
  100  6:24  Marine x2  
  106  6:28  Supply Depot  
  106  6:29  Supply Depot  
  106  6:32  Marauder  
  108  6:36  Siege Tank  
  111  6:41  Marine x2  
  111  6:43  Marauder  
  111  6:44  Supply Depot  
  111  6:45  Medivac  
  117  6:54  Marauder  
  119  6:59  Marine x2  
  121  7:04  Marauder, Missile Turret  
  121  7:06  Concussive Shells  
  126  7:08  Siege Tank  
  126  7:14  Marine  
  127  7:17  Marine x2  
  129  7:23  Command Center  
  129  7:25  Terran Infantry Armor Level 1, Marine  
  129  7:27  Barracks x2  
  130  7:32  Marine  
  130  7:36  Marine x2  
  133  7:52  Marine x2  
  133  7:54  Marine  
  136  8:06  Marine  
  136  8:07  Siege Tank  
  136  8:09  Medivac  
  136  8:10  Marine x2, Medivac  
  144  8:14  Engineering Bay, Marine  
  144  8:15  Armory  
  137  8:23  Marine  
  124  8:36  Marauder x2, Marine  
  124  8:38  Barracks Tech Lab x2  
  124  8:39  Siege Tank, Medivac  
  124  8:40  Medivac  
  133  8:41  Marine  
  133  8:42  Orbital Command, Supply Depot  
  133  8:44  Command Center  
  134  8:53  Marine  
  135  8:57  Marauder  
  137  9:05  Marine  
  137  9:08  SCV  
  137  9:09  SCV  
Tags
 
Add a new tag
Caveats
  • Supply blocks, unpowered buildings, or Contaminate may cause inaccurate times.
  • Supply counts are checked every 10 seconds.